 Dungeon Crawl Stone Soup version 0.20-a0-454-g2b43fbb (webtiles) character file.

48 Duffy the Magician (level 3, 0/16 HPs)
             Began as a Spriggan Conjurer on Jan 9, 2017.
             Shot with an arrow by a centaur (7 damage)
             ... on level 6 of the Dungeon.
             The game lasted 00:02:22 (1318 turns).

Duffy the Magician (Spriggan Conjurer)              Turns: 1318, Time: 00:02:23

Health: 0/16       AC:  2    Str:  4    XL:     3   Next: 50%
Magic:  3/9        EV: 18    Int: 17    God:
Gold:   33         SH:  0    Dex: 16    Spells: 6/9 levels left

rFire  . . .     SeeInvis +     (weapon restricted)
rCold  . . .     Gourm    .     a - +0 robe
rNeg   . . .     Faith    .     (shield restricted)
rPois  .         Spirit   .     (helmet restricted)
rElec  .         Reflect  .     (no cloak)
rCorr  .         Harm     .     (gloves unavailable)
MR     .....                    (boots unavailable)
Stlth  ++........               (no amulet)
                                (no ring)
                                (no ring)

@: very quick
A: unfitting armour, see invisible, herbivore 3, speed 3, slow metabolism 2
a: no special abilities


You were on level 6 of the Dungeon.
You were not hungry.

You visited 1 branch of the dungeon, and saw 6 of its levels.

You collected 33 gold pieces.

Inventory:

Armour
 a - a +0 robe (worn)
Wands
 h - a wand of polymorph (10/24)
Scrolls
 d - a scroll of magic mapping {unknown}
 f - a scroll of blinking {unknown}
 g - a scroll of fog {unknown}
 i - a scroll of teleportation {unknown}
Potions
 e - a potion of lignification {unknown}
 j - a potion of heal wounds {unknown}
Books
 b - a book of Conjurations

   Spells                             Type                      Level
   a - Magic Dart                     Conjuration                  1
   b - Searing Ray                    Conjuration                  2
   c - Dazzling Spray                 Conjuration/Hexes            3
   d - Fulminant Prism                Conjuration/Hexes            4
   e - Iskenderun's Mystic Blast      Conjuration                  4
   f - Iskenderun's Battlesphere      Conjuration/Charms           5
Comestibles
 c - a bread ration
 k - 2 fruits


   Skills:
 - Level 3.0 Dodging
 - Level 3.0 Stealth
 + Level 3.8 Spellcasting
 + Level 3.5 Conjurations


You had 6 spell levels left.
You knew the following spells:

 Your Spells              Type           Power        Failure   Level  Hunger
a - Magic Dart            Conj           ###.         3%          1    None
s - Searing Ray           Conj           ###...       6%          2    ##.....


Dungeon Overview and Level Annotations

Branches:
Dungeon (6/15)
 Temple: D:4-7

Altars:


Innate Abilities, Weirdness & Mutations

You are very small and have problems with some larger weapons.
You are too small for most types of armour.
You have supernaturally acute eyesight. (SInv)
You are a herbivore.
You cover ground extremely quickly.
You need consume almost no food.


Message History

There is a stone staircase leading down here.
You climb downwards.
The orc shouts! x2; The orc priest shouts!
The adder zombie misses you.
There is a stone staircase leading up here.
Found a stone staircase leading down.
There is a stone staircase leading down here.
Your magical contamination has completely faded away.
You climb downwards.
An ogre comes into view. It is wielding a giant club.
Found 21 gold pieces and a ring mail.
There is a stone staircase leading up here.
The ogre shouts!
Things that are here:
21 gold pieces; 17 stones You now have 33 gold pieces (gained 21).
A centaur comes into view.
Found 16 arrows.
The centaur wields a shortbow.
The centaur shoots an arrow.
The arrow hits you!
You die...

#.#####.#.#
###.........
#.......#.#
#..<# #...#
#...# #####...#
#...(...#
####.#O####@.#
..............#
#####........[#
#.........#
#......##.#
#......# .#
#...c..# .#
#..(...# .#
#......#


You could see a centaur.

Vanquished Creatures
  A worker ant (D:4)
  3 giant cockroaches (D:2)
  2 goblins (D:2)
  4 hobgoblins
  A kobold (D:2)
  A quokka (D:4)
  4 bats
  3 frilled lizards
  5 rats
24 creatures vanquished.

Notes
Turn   | Place    | Note
-------+----------+-------------------------------------------
     0 | D:1      | Duffy the Spriggan Conjurer began the quest for the Orb.
     0 | D:1      | Reached XP level 1. HP: 9/9 MP: 5/5
    64 | D:1      | You fall through a shaft!
   354 | D:2      | Reached XP level 2. HP: 13/13 MP: 4/7
   463 | D:2      | Learned a level 2 spell: Searing Ray
  1080 | D:5      | Entered Level 5 of the Dungeon
  1140 | D:4      | Reached XP level 3. HP: 16/16 MP: 0/9
  1245 | D:4      | Noticed a phantom
  1300 | D:6      | Noticed an ogre
  1313 | D:6      | Noticed a centaur
  1318 | D:6      | Shot with an arrow by a centaur

Vault maps used:
D:1:      dpeg_arrival_tiny_c
D:2:      lemuel_doored_altar
D:4:      first_bread, fedhas_altar_fruit_tree
D:5:      grunt_temple_overflow_magic_moments
D:6:      serial_shops, kennysheep_little_box

Skill      XL: |  1 |
---------------+----+-----
Conjurations   | 3 |  3.5
Spellcasting   | 3 |  3.8
Dodging        | |  3.0
Stealth        | |  3.0

Action                   || total
-------------------------++-------
 Cast: Magic Dart        ||    77
Armor: Robe              ||    16
Dodge: Dodged            ||    83
